 Dungeon Crawl Stone Soup version 0.22.1-2-g9c5b331 (webtiles) character file.

145 Monzz the Chopper (level 5, 0/47 HPs)
             Began as a Hill Orc Monk on Dec 16, 2018.
             Slain by a hound (3 damage)
             ... on level 4 of the Dungeon.
             The game lasted 00:05:40 (2794 turns).

Monzz the Chopper (Hill Orc Monk)                   Turns: 2794, Time: 00:05:40

Health: 0/47       AC:  8    Str: 15    XL:     5   Next: 27%
Magic:  5/5        EV:  7    Int: 15    God:
Gold:   95         SH:  0    Dex: 13    Spells: 4/4 levels left

rFire    + . .     SeeInvis .   a - +0 hand axe
rCold    + . .     Gourm    .   (no shield)
rNeg     . . .     Faith    .   g - +0 chain mail
rPois    +         Spirit   .   (no helmet)
rElec    +         Reflect  .   (no cloak)
rCorr    +         Harm     .   (no gloves)
MR       .....                  (no boots)
Stlth    ..........             (no amulet)
HPRegen  0.15/turn              (no ring)
MPRegen  0.09/turn              (no ring)

@: brilliant, resistant, hasted, very quick
A: no striking features
a: no special abilities


You were on level 4 of the Dungeon.
You were not hungry.

You visited 1 branch of the dungeon, and saw 4 of its levels.

You collected 95 gold pieces.

Inventory:

Hand Weapons
 a - a +0 hand axe (weapon)
Armour
 g - a +0 chain mail (worn)
Scrolls
 b - a scroll of magic mapping
 e - a scroll of teleportation
 h - 2 scrolls of remove curse
 l - 3 scrolls of identify
Potions
 f - a potion of lignification
 k - a potion of flight {unknown}
Comestibles
 c - 5 rations
 n - a chunk of flesh


   Skills:
 + Level 4.6 Fighting
 + Level 5.7 Axes
 + Level 1.6 Armour
 + Level 3.0 Dodging
 + Level 1.9 Stealth


You had 4 spell levels left.
You didn't know any spells.
Your spell library was empty.

Dungeon Overview and Level Annotations

Branches:
Dungeon (4/15)
 Temple: D:4-7

Altars:
Xom


Message History

* * * LOW HITPOINT WARNING * * *
The iguana bites you.
* * * LOW HITPOINT WARNING * * *
The hound bites you but does no damage.
As you read the scroll labeled GOALEM PASI, it crumbles to dust.
The scroll dissolves into smoke.
It was a scroll of fog.
The iguana bites you but does no damage.
The hound bites you.
* * * LOW HITPOINT WARNING * * *
It was a potion of brilliance.
You feel clever all of a sudden. The hound bites you but does no damage.
The iguana barely misses you. The hound closely misses you.
It was a potion of resistance.
You feel protected. The iguana bites you.
* * * LOW HITPOINT WARNING * * *
The hound bites you but does no damage.
It was a potion of haste.
You feel yourself speed up. The hound bites you.
You die...

#####(#####. ...
#......(.... ..
#.###.###### ..
#.# ### .### #.#
. # ..#### #.#
...#.##§##.# #.#
......§§##§###.#
#§l@hZ....#
#§###§#####
.......<.......
.....###........
#+#.#. .........
.... .........
.. ## ##.l......
... ##.....?.
.......


You could see an iguana, a hound and a centaur skeleton.

Vanquished Creatures
  A hound (D:4)
  4 adders
  An adder skeleton (D:2)
  2 worms
  2 leopard geckos
  An orc (D:3)
  A ball python (D:3)
  3 giant cockroaches
  11 goblins
  8 hobgoblins
  4 jackals (D:2)
  8 kobolds
  A quokka (D:2)
  9 bats
  7 frilled lizards
  4 rats
67 creatures vanquished.

Vanquished Creatures (others)
  A fungus (D:4)
1 creature vanquished.

Grand Total: 68 creatures vanquished

Notes
Turn   | Place    | Note
-------+----------+-------------------------------------------
     0 | D:1      | Monzz the Hill Orc Monk began the quest for the Orb.
     0 | D:1      | Reached XP level 1. HP: 19/19 MP: 1/1
   143 | D:1      | Reached XP level 2. HP: 27/27 MP: 2/2
   704 | D:2      | Reached XP level 3. HP: 32/33 MP: 3/3
  1017 | D:2      | Reached skill level 5 in Axes
  1017 | D:2      | Reached skill level 1 in Armour
  1017 | D:2      | Reached XP level 4. HP: 16/40 MP: 4/4
  2112 | D:3      | Found a shimmering altar of Xom.
  2644 | D:4      | Reached XP level 5. HP: 38/46 MP: 5/5
  2793 | D:4      | HP: 2/47 [iguana (3)]
  2794 | D:4      | Slain by a hound

Skill      XL: |  1  2  3  4 |
---------------+-------------+-----
Fighting       | 4 |  4.6
Axes           | 5 |  5.7
Armour         | 1 |  1.6
Dodging        | 3 |  3.0
Stealth        | |  1.9

Action                   |  1- 3 |  4- 6 || total
-------------------------+-------+-------++-------
Melee: Hand axe          |   137 |   135 ||   272
  Use: Scroll            |       |     6 ||     6
       Potion            |       |     4 ||     4
 Stab: Sleeping          |     2 |       ||     2
  Eat: Chunk             |       |     6 ||     6
Armor: Robe              |     5 |       ||     5
       Chain mail        |   100 |    65 ||   165
Dodge: Dodged            |    71 |    39 ||   110
